 Seeded DCSS version 0.30-a0-457-g4b7bca3bfa (webtiles) character file.

Game seed: 9653979536821995196 (custom seed)

657619 purpskrrrp the Master Archer (level 26, -27/173 HPs)
             Began as a Deep Elf Hunter on Dec 13, 2022.
             Was the Champion of Cheibriados.
             Killed from afar by a balrug (36 damage)
             ... with a fireball
             ... in Pandemonium.
             The game lasted 03:04:21 (58146 turns).

purpskrrrp the Master Archer (Deep Elf Hunter)     Turns: 58146, Time: 03:04:21

Health: -27/173    AC: 18    Str: 34      XL:     26   Next: 94%
Magic:  34/34      EV: 70    Int: 38 (39) God:    Cheibriados [******]
Gold:   3367       SH:  9    Dex: 55      Spells: 25/25 levels left

rFire   . . .      SeeInvis +    J - +6 triple crossbow (freeze)
rCold   + . .      Faith    .    (shield currently unavailable)
rNeg    + . .      Spirit   .    c - +5 robe of Night {Dark Will+ SInv}
rPois   +          Reflect  +    p - +2 hat "Ifigumuth" {MP+9 Dex+4}
rElec   +          Harm     .    y - scarf {rC+ rF+}
rCorr   +          Rampage  .    e - +2 pair of gloves {Dex+3}
Will    +++++      Rage     9%   R - +2 pair of boots {Fly} Stlth **++++++++
                                 f - amulet "Wiroywk" {Reflect Drain rElec rPois Int+2 SH+5}
HPRegen 0.48/turn                n - ring of Dok Suj {rN+ rCorr Str+6 Dex+3}
MPRegen 0.24/turn                i - ring of the Grey Skies {Will++ Str+6 Int+4}

@: flying, studying Long Blades, very slow
A: horns 1, large bone plates 1, agile 1, berserk 2, deterioration 2, screaming
1, heat vulnerability 1
}: 5/15 runes: barnacled, slimy, silver, demonic, gossamer
a: Renounce Religion, Bend Time, Temporal Distortion, Slouch, Step From Time


You were in Pandemonium.
You worshipped Cheibriados.
Cheibriados was exalted by your worship.
You visited 11 branches of the dungeon, and saw 51 of its levels.
You visited Pandemonium 1 time, and saw 5 of its levels.
You visited the Abyss 1 time.
You also visited: Ice Cave.

You collected 9244 gold pieces.
You spent 5877 gold pieces at shops.

Inventory:

Hand Weapons
 J - a +6 triple crossbow of freezing (weapon)
Missiles
 t - 7 throwing nets
Armour
 c - the +5 robe of Night (worn) {Dark Will+ SInv}
   (You bought it in a shop on level 3 of the Depths)

   It shrouds the wearer in darkness, reducing the range at which they can see
   and be seen by others.
   SInv:      It lets you see invisible.
   Will:      It increases your willpower.
 e - a +2 pair of gloves of dexterity (worn)
 p - the +2 hat "Ifigumuth" (worn) {MP+9 Dex+4}
   (You acquired it on level 3 of the Dungeon)

   Dex:       It affects your dexterity (+4).
   MP:        It affects your magic capacity (+9).
 y - a scarf of resistance (worn)
 B - a +2 pair of gloves of infusion
 R - a +2 pair of boots of flying (worn)
Jewellery
 f - the amulet "Wiroywk" (around neck) {Reflect Drain rElec rPois Int+2 SH+5}
   (You bought it in a shop on level 7 of the Dungeon)

   [amulet of reflection]

   It reflects blocked missile attacks.
   Int:       It affects your intelligence (+2).
   rElec:     It insulates you from electricity.
   rPois:     It protects you from poison.
   Drain:     It drains your maximum health when unequipped.
   SH:        It affects your SH (+5).
 h - a +6 ring of dexterity
 i - the ring of the Grey Skies (right hand) {Will++ Str+6 Int+4}
   (You took it off a skeletal warrior on level 3 of the Crypt)

   [ring of strength]

   Str:       It affects your strength (+6).
   Int:       It affects your intelligence (+4).
   Will:      It greatly increases your willpower.
 j - an amulet of the acrobat
 l - the amulet of Hiss {Acrobat Stlth+}
   (You found it on level 5 of the Vaults)

   [amulet of the acrobat]

   It increases your evasion while moving and waiting.
   Stlth:     It makes you more stealthy.
 m - a ring of willpower
 n - the ring of Dok Suj (left hand) {rN+ rCorr Str+6 Dex+3}
   (You acquired it on level 14 of the Dungeon)

   [ring of strength]

   Str:       It affects your strength (+6).
   Dex:       It affects your dexterity (+3).
   rN:        It protects you from negative energy.
   rCorr:     It protects you from acid and corrosion.
 s - the ring of Mistrust {rF+ rN+}
   (You found it on level 5 of the Pits of Slime)

   [ring of positive energy]

   rF:        It protects you from fire.
   rN:        It protects you from negative energy.
 x - a ring of protection from fire
 E - a ring of protection from fire
 F - a ring of protection from fire
 N - a ring of protection from cold
 Q - a ring of willpower
 U - the ring "Mosum" {rN+ rCorr MP+9 Int+3 Stlth-}
   (You found it on level 5 of the Pits of Slime)

   [ring of magical power]

   Int:       It affects your intelligence (+3).
   rN:        It protects you from negative energy.
   MP:        It affects your magic capacity (+9).
   rCorr:     It protects you from acid and corrosion.
   Stlth:     It makes you less stealthy.
 W - a ring of poison resistance
 X - a ring of protection from fire
 Y - a ring of protection from cold
 Z - a ring of see invisible
Wands
 o - a wand of mindburst (7)
 r - a wand of iceblast (43)
 v - a wand of digging (20)
 I - a wand of charming (55)
 K - a wand of polymorph (5)
 O - a wand of flame (35)
 S - a wand of quicksilver (54)
Scrolls
 a - 10 scrolls of fog
 d - 21 scrolls of teleportation
 q - 14 scrolls of magic mapping
 w - 4 scrolls of silence
 A - a scroll of fear
 G - 7 scrolls of amnesia
 H - 2 scrolls of brand weapon
 M - 4 scrolls of poison
 T - 35 scrolls of identify
 V - a scroll of enchant weapon
Potions
 b - a potion of cancellation
 g - 19 potions of curing
 k - 13 potions of might
 u - 5 potions of resistance
 z - 4 potions of mutation
 C - 3 potions of berserk rage
 D - a potion of invisibility
 L - 12 potions of ambrosia
 P - 7 potions of heal wounds


   Skills:
 + Level 19.8 Fighting
 O Level 27 Ranged Weapons
 + Level 20.6 Armour
 O Level 27 Dodging
 O Level 27 Stealth


You had 25 spell levels left.
You didn't know any spells.
Your spell library contained the following spells:

 Spells                   Type           Power      Damage    Failure   Level
 Foxfire                  Conj/Fire      0%         2x1d4     5%          1
 Freeze                   Ice            0%         1d3       5%          1
 Sandblast                Erth           0%         2d4       5%          1
 Slow                     Hex            0%         N/A       5%          1
 Blink                    Tloc           0%         N/A       9%          2
 Cigotuvi's Dreadful Rot  Necr/Pois/Air  0%         N/A       9%          2
 Ensorcelled Hibernation  Hex/Ice        0%         N/A       9%          2
 Momentum Strike          Conj/Tloc      0%         3d8       9%          2
 Passwall                 Tmut/Erth      0%         N/A       9%          2
 Poisonous Vapours        Pois/Air       0%         N/A       9%          2
 Scorch                   Fire           0%         2d5       9%          2
 Static Discharge         Conj/Air       0%         2-2/arc   9%          2
 Sublimation of Blood     Necr           0%         N/A       9%          2
 Wereblood                Tmut           0%         N/A       9%          2
 Call Canine Familiar     Summ           0%         N/A       17%         3
 Confusing Touch          Hex            0%         N/A       17%         3
 Dazzling Flash           Conj/Hex       0%         N/A       17%         3
 Frozen Ramparts          Ice            0%         1d1       17%         3
 Hailstorm                Conj/Ice       0%         3d3       17%         3
 Ignite Poison            Fire/Tmut/Pois 0%         N/A       17%         3
 Inner Flame              Hex/Fire       0%         N/A       17%         3
 Kindle Blastsparks       Fire/Tloc/Air  0%         2d10      17%         3
 Lesser Beckoning         Tloc           0%         N/A       17%         3
 Mephitic Cloud           Conj/Pois/Air  0%         N/A       17%         3
 Ozocubu's Armour         Ice            0%         N/A       17%         3
 Portal Projectile        Hex/Tloc       0%         N/A       17%         3
 Spider Form              Tmut/Pois      0%         N/A       17%         3
 Stone Arrow              Conj/Erth      0%         3d7       17%         3
 Tukima's Dance           Hex            0%         N/A       17%         3
 Vampiric Draining        Necr           0%         2d6       17%         3
 Vhi's Electric Charge    Tloc/Air       0%         N/A       17%         3
 Anguish                  Hex/Necr       0%         N/A       50%         4
 Flame Wave               Conj/Fire      0%         2d4       50%         4
 Fulminant Prism          Conj/Hex       0%         3d5       50%         4
 Ice Form                 Ice/Tmut       0%         N/A       50%         4
 Iskenderun's Mystic Bla  Conj/Tloc      0%         2d3       50%         4
 Manifold Assault         Tloc           0%         N/A       50%         4
 Passage of Golubria      Tloc           0%         N/A       50%         4
 Petrify                  Tmut/Erth      0%         N/A       50%         4
 Sticky Flame             Conj/Fire      0%         2d3       50%         4
 Summon Ice Beast         Ice/Summ       0%         N/A       50%         4
 Summon Lightning Spire   Summ/Air       0%         N/A       50%         4
 Agony                    Necr           0%         N/A       83%         5
 Alistair's Intoxication  Tmut/Pois      0%         N/A       83%         5
 Arcjolt                  Conj/Air       0%         1d10      83%         5
 Blade Hands              Tmut           0%         N/A       83%         5
 Borgnjor's Vile Clutch   Necr/Erth      0%         N/A       83%         5
 Fireball                 Conj/Fire      0%         3d3       83%         5
 Freezing Cloud           Conj/Ice/Air   0%         6-21      83%         5
 Irradiate                Conj/Tmut      0%         3d11      83%         5
 Iskenderun's Battlesphe  Conj           0%         2d6       83%         5
 Lightning Bolt           Conj/Air       0%         1d11      83%         5
 Metabolic Englaciation   Hex/Ice        0%         N/A       83%         5
 Silence                  Hex/Air        0%         N/A       83%         5
 Summon Mana Viper        Hex/Summ       0%         N/A       83%         5
 Yara's Violent Unravell  Hex/Tmut       0%         3d3       83%         5
 Conjure Ball Lightning   Conj/Air       0%         3x3d7     100%        6
 Death Channel            Necr           0%         N/A       100%        6
 Eringya's Noxious Bog    Tmut/Pois      0%         N/A       100%        6
 Simulacrum               Ice/Necr       0%         N/A       100%        6
 Starburst                Conj/Fire      0%         6d3       100%        6
 Statue Form              Tmut/Erth      0%         N/A       100%        6
 Summon Cactus Giant      Summ           0%         N/A       100%        6
 Enfeeble                 Hex            0%         N/A       100%        7
 Malign Gateway           Summ/Tloc      0%         N/A       100%        7
 Orb of Destruction       Conj           0%         9d5       100%        7
 Ozocubu's Refrigeration  Ice            0%         4d7       100%        7
 Storm Form               Tmut/Air       0%         N/A       100%        7
 Summon Hydra             Summ           0%         N/A       100%        7
 Ignition                 Fire           0%         3d3       100%        8
 Maxwell's Capacitive Co  Air            0%         ∞         100%        8
 Necromutation            Tmut/Necr      0%         N/A       100%        8
 Summon Horrible Things   Summ           0%         N/A       100%        8
 Polar Vortex             Ice            0%         N/A       100%        9


Dungeon Overview and Level Annotations

Branches:
Dungeon (15/15)            Temple (1/1) D:6            Lair (5/5) D:8
 Shoals (4/4) Lair:3       Spider (4/4) Lair:3        Slime (5/5) Lair:4
    Orc (2/2) D:12            Elf (3/3) Orc:2        Vaults (5/5) D:13
  Crypt (3/3) Vaults:2       Tomb (0/3) Crypt:3      Depths (4/4) D:15
    Zot (0/5) Depths:4      IceCv (visited)

Altars:
Ashenzari
Cheibriados
Dithmenos
Elyvilon
Fedhas
Gozag
Hepliaklqana
Kikubaaqudgha
Nemelex Xobeh
Okawaru
Qazlal
Ru
Sif Muna
Trog
Vehumet
Xom
Zin
The Shining One
Jiyva
Lugonu

Shops:
D:3 *   D:6 [   D:7 =   D:9 **[(:   D:14 (   Orc:1 :*   Orc:2 *(?[   Elf:2 :==
Shoals:4 ![   Vaults:1 [**[   Vaults:2 (   Vaults:3 (**(   Vaults:5 !!
Depths:1 *   Depths:3 *

Portals:
Hell: Depths:1 Depths:2 Depths:3 Depths:4
Abyss: Lair:5 Depths:3
Pandemonium: Depths:2 Depths:4
Ziggurat: Depths:1


Innate Abilities, Weirdness & Mutations

You have a pair of small horns on your head.
You are partially covered in large bone plates. (SH +4)
You are agile. (Dex +4, Str/Int -1)
You have an uncontrollable temper.
Your body often deteriorates upon taking damage.
You occasionally shout uncontrollably at your foes.
You are vulnerable to heat. (rF-)


Message History

The balrug shouts!
The balrug gestures at you. Something smites you!
A balrug comes into view.
It is wielding a +2 demon whip of venom.
A balrug comes into view.
It is wielding a +1 demon whip of draining.
You yell at the balrug!
The balrug gestures at you. The bolt of fire misses you.
The balrug gestures at you. The bolt of fire misses you.
Something shouts, "Embrace thy dedition, thou defiled bat-fowling efter!"
You hear a roar!
The balrug gestures at you.
The fireball explodes!
The fireball engulfs you!!! The balrug gestures at you.
The sticky flame misses you. The balrug completely misses you.
Found a runed robe.
The balrug gestures at you. Something smites you! The balrug gestures at you.
The fireball explodes!
The fireball engulfs you!!! The balrug gestures at you. Something smites you!
The balrug gestures at you. Something smites you!
* * * LOW HITPOINT WARNING * * *
The balrug gestures at you. Something smites you!
* * * LOW HITPOINT WARNING * * *
Found 25 gold pieces.
The balrug gestures at you.
The fireball explodes!
The fireball engulfs you!!
* * * LOW HITPOINT WARNING * * *
The balrug gestures at you.
The bolt of fire misses the balrug.
The bolt of fire misses you.
Something shouts, "Take thy face hence whilst thou can!"
There is an open door here.
The balrug gestures at you.
The fireball explodes!
The fireball engulfs you!!!
You die...

#.### ......2 # #.#
...... #.# #...# #.#
#'''# #)#### #...# ##
#....#..#######...###
#.
#....##....2.222.....
#.
#)....##.##2##.....##
#..
#......###..@#.....#
#...
#........#.[$##...##
.....
#........#...#.....#
.....
#........#####.....#
.....
#....................
.....
#....................
.....
#...................
#...
...................
.[.#...
..................
...##'#


You could see 2 balrugs.

Vanquished Creatures
  the Royal Jelly (Slime:5)
  3 dread liches (Vaults:5)
  A juggernaut (Depths:4)
  Mara (Depths:2)
  2 pandemonium lords (Pan)
  Sojobo (Crypt:3)
  Saint Roka (Depths:2)
  Bai Suzhen (Shoals:4)
  A caustic shrike (Depths:3)
  3 golden dragons (Depths:4)
  A bone dragon (Depths:3)
  Arachne (Spider:3)
  3 Tzitzimimeh (Pan)
  An Ice Fiend (Pan)
  Jorgrun (Spider:3)
  9 Hell Sentinels (Pan)
  4 liches
  Mlioglotl (Spider:2)
  A hellephant (Pan)
  5 tentacled monstrosities
  Zenata (Elf:2)
  2 shard shrike skeletons
  A quicksilver dragon (Vaults:5)
  2 deep elf master archers (Elf:3)
  3 deep elf blademasters
  29 acid blobs
  Polyphemus (Shoals:4)
  5 titans
  An Executioner (Pan)
  3 ancient champions
  4 sphinxes
  A kraken (Shoals:4)
  13 tengu reavers
  5 shadow dragons
  Agnes (Spider:1)
  3 revenants
  Donald (Elf:2)
  11 rockslimes
  The ghost of Inwioxo the Spry, an adept KoHu of Gozag (Shoals:3)
  3 storm dragons
  19 azure jellies
  7 fire giants
  9 vault wardens
  6 frost giants
  7 ghost moths
  Aizul (Shoals:1)
  4 iron dragons
  6 emperor scorpions
  Louise (D:15)
  5 balrugs (Pan)
  2 cacodemons (Pan)
  4 deep elf elementalists (Elf:3)
  4 spectral caustic shrikes
  2 curse skulls
  7 ghouls (Crypt:2)
  5 deep elf sorcerers
  20 ironbound preservers
  2 draconian stormcallers (Depths:4)
  A demonspawn corrupter (Pan)
  34 very ugly things
  13 quicksilver oozes
  10 broodmothers
  A reaper (Crypt:2)
  10 stone giants
  A spriggan defender (Depths:2)
  4 war gargoyles
  A broodmother (shapeshifter) (Depths:4)
  A draconian annihilator (Depths:4)
  A green draconian (Depths:4)
  A stone giant (shapeshifter) (Vaults:5)
  7 ironbound thunderhulks
  A demonspawn blood saint (Pan)
  5 vampire knights
  10 deep elf demonologists
  2 yellow draconians (Depths:4)
  13 lorocyprocas (Pan)
  4 dire elephants
  6 spark wasps
  6 deep elf annihilators
  A purple draconian (Depths:4)
  A spectral titan (Crypt:3)
  9 blizzard demons
  15 deep elf death magi
  3 green deaths (Pan)
  10 eidola (Crypt:3)
  An acid blob zombie (Crypt:1)
  Josephine (Lair:4)
  6 jiangshi
  9 ettins
  9 entropy weavers
  12 yaktaur captains
  11 merfolk impalers
  A spectral iron giant (Crypt:3)
  3 spectral quicksilver dragons (Crypt:3)
  2 merfolk javelineers
  6 fire dragons
  10 great orbs of eyes
  4 rakshasas
  3 ice dragons
  7 deep elf high priests
  3 spriggan air magi
  A catoblepas (Shoals:4)
  A hell beast (Depths:3)
  A quicksilver dragon skeleton (Crypt:3)
  4 spectral spriggans (Crypt:3)
  7 ironbound frosthearts
  2 alligator snapping turtles (Shoals:4)
  4 hydras
  2 merfolk avatars
  4 ogre magi
  26 vault guards
  28 centaur warriors
  2 peacekeepers (Vaults:3)
  A boulder beetle (shapeshifter) (Vaults:4)
  2 caustic shrike simulacra (IceCv)
  A spectral shadow dragon (Crypt:3)
  3 radroaches
  A jorogumo (Spider:1)
  3 merfolk aquamancers
  3 death knights
  A satyr (Shoals:4)
  Erica (D:9)
  4 deep troll shamans
  A spectral stone giant (Crypt:3)
  11 boulder beetles
  4 tengu warriors
  27 dancing weapons
  2 death yaks (Shoals:4)
  A hell hog (Depths:3)
  6 deep troll earth magi
  5 spectral storm dragons (Crypt:3)
  15 soul eaters
  A quicksilver ooze zombie (Crypt:2)
  15 two-headed ogres
  3 vampire magi
  2 spriggan berserkers
  4 thrashing horrors (Lair:5)
  31 sun demons
  A titan skeleton (Depths:2)
  6 holy swine (Pan)
  17 deep elf knights
  7 iron trolls
  Amaemon (Lair:2)
  6 sea snakes
  7 shadow wraiths
  7 sixfirhies
  8 skeletal warriors
  A spectral bunyip (Crypt:3)
  2 sun moths
  8 pharaoh ants
  2 steelbarb worms
  A bunyip zombie (Crypt:1)
  4 glowing orange brains
  55 deep trolls
  12 orb spiders
  2 shadow demons (Pan)
  7 wizards
  2 obsidian statues
  A goliath frog (shapeshifter) (Depths:4)
  A spectral iron dragon (Crypt:3)
  A shadow dragon zombie (Depths:2)
  12 phantasmal warriors
  8 flayed ghosts
  A golden dragon skeleton (Depths:2)
  A fenstrider witch simulacrum (Crypt:3)
  4 bog bodies
  20 deep elf archers
  13 lindwurms
  15 ironbound convokers
  5 spriggan simulacra (IceCv)
  26 harpies
  An iron giant skeleton (Crypt:2)
  4 orc knights
  48 ugly things
  24 deep elf zephyrmancers
  34 deep elf pyromancers
  5 orc sorcerers
  4 necromancers
  A faun (shapeshifter) (Vaults:5)
  A manticore (shapeshifter) (Depths:3)
  2 spectral alligator snapping turtles (Crypt:3)
  19 wolf spiders
  6 shining eyes
  134 slime creatures
  11 cyclopes
  8 fauns
  3 moths of wrath
  13 merfolk sirens
  17 manticores
  9 elephants
  4 eyes of devastation
  An ice statue (D:9)
  12 vault sentinels
  8 smoke demons
  5 black mambas
  8 water nymphs
  A rust devil (Depths:2)
  A shock serpent skeleton (Crypt:2)
  2 torpor snails (Spider:4)
  2 gargoyles
  An elephant slug zombie (Crypt:1)
  Maggie (D:9)
  8 orange demons
  16 hellions (Pan)
  A storm dragon simulacrum (Crypt:3)
  An unseen horror (D:8)
  18 demonic crawlers
  The ghost of themarg the Conjurer, a novice DrCj of Ashenzari (D:5)
  9 cane toads
  A bunyip simulacrum (Crypt:3)
  A rime drake (Lair:2)
  A redback zombie (Crypt:1)
  15 ice devils
  15 yaktaurs
  10 hellwings
  A spectral naga (Crypt:3)
  2 kobold demonologists
  16 freezing wraiths
  An ancient zyme (Lair:5)
  A golden dragon simulacrum (IceCv)
  A hydra zombie (Crypt:1)
  2 efreet
  A polar bear (shapeshifter) (Lair:5)
  A tengu simulacrum (Vaults:3)
  6 komodo dragons
  3 anaconda simulacra (IceCv)
  An elf skeleton (Vaults:3)
  2 red devils
  A mana viper zombie (Crypt:3)
  4 tyrant leeches (Spider:3)
  A meliai (Spider:4)
  15 trolls
  37 merfolk
  4 wind drakes
  A tyrant leech (shapeshifter) (Vaults:2)
  A death drake skeleton (Crypt:1)
  3 polar bears
  44 tarantellas
  2 hornets
  20 blink frogs
  A snapping turtle (shapeshifter) (Depths:3)
  A tarantella (shapeshifter) (Vaults:5)
  10 snapping turtles
  2 black mamba zombies
  An alligator skeleton (Crypt:2)
  3 flying skulls (Crypt:3)
  22 jumping spiders
  14 water elementals
  A spriggan (Lair:5)
  3 culicivoras (shapeshifter)
  24 culicivoras
  2 shadows
  A yak (shapeshifter) (Lair:5)
  A dire elephant simulacrum (IceCv)
  8 wraiths
  A centaur simulacrum (D:14)
  3 air elementals
  5 wyverns
  9 basilisks
  44 yaks
  18 ynoxinuls
  3 fire elementals
  24 large abominations
  4 fire bats (Pan)
  7 golden eyes (Slime:1)
  9 neqoxecs
  3 steam dragons
  62 redbacks
  7 chaos spawn
  4 vampire mosquitoes
  8 minotaur simulacra (IceCv)
  A wind drake skeleton (Crypt:2)
  2 harpy simulacra
  4 wargs
  An ogre zombie (Vaults:3)
  16 water moccasins
  2 floating eyes (shapeshifter)
  Duvessa (D:7)
  21 orc warriors
  A two-headed ogre skeleton (Crypt:1)
  3 black bears
  2 ettin simulacra (IceCv)
  3 ice beasts
  4 sky beasts
  A dream sheep zombie (Crypt:2)
  22 ogres
  14 centaurs
  3 boggarts (Vaults:1)
  7 small abominations (Lair:5)
  17 wolves
  A swamp dragon skeleton (Crypt:3)
  9 kobold brigands
  3 necrophages
  11 bullfrogs
  2 scorpions (D:5)
  2 naga simulacra
  8 deep troll simulacra (IceCv)
  2 earth elementals
  A komodo dragon skeleton (Crypt:2)
  A yak zombie (Crypt:3)
  3 wights (D:8)
  Dowan (D:7)
  2 lindwurm simulacra (IceCv)
  A polar bear zombie (Crypt:2)
  13 killer bees
  A troll skeleton (Crypt:2)
  3 electric eels
  8 howler monkeys
  A wolf zombie (Crypt:3)
  12 orc priests
  A black bear skeleton (Crypt:1)
  2 gnoll boudas
  4 hounds
  4 jellies
  2 iguanas (D:4)
  Ijyb (D:3)
  17 orc wizards
  9 hell rats
  An acid dragon skeleton (Crypt:1)
  8 adders
  13 gnolls
  A swamp drake zombie (Crypt:1)
  10 river rats (Lair:3)
  A shadow imp (D:5)
  A white imp (D:7)
  6 ufetubi (D:9)
  An adder skeleton (Crypt:2)
  2 dart slugs
  75 orcs
  9 ball pythons
  9 endoplasms
  8 giant cockroaches
  15 goblins
  5 hobgoblins
  6 jackals
  5 quokkas
  10 bats
  3 frilled lizards
  A jackal skeleton (Crypt:3)
  28 kobolds
  5 rats
  A tentacle (Shoals:4)
2434 creatures vanquished.

Vanquished Creatures (collateral kills)
  A Tzitzimitl (Pan)
  A tengu reaver (Vaults:5)
  A very ugly thing (Vaults:5)
  3 deep elf knights (Elf:3)
  2 deep elf archers (Elf:3)
  2 deep elf zephyrmancers (Elf:3)
  A deep elf pyromancer (Elf:3)
  A ynoxinul (Pan)
  A hog (shapeshifter) (Vaults:5)
13 creatures vanquished.

Vanquished Creatures (others)
  A ghost moth (Spider:4)
  A wizard (Vaults:1)
  A wolf spider (Spider:2)
  A tarantella (Spider:4)
  2 redbacks (Spider:3)
  27 fungi
  74 plants
  4 starspawn tentacles (Pan)
  6 tentacles (Shoals:4)
117 creatures vanquished.

Grand Total: 2564 creatures vanquished

Notes
Turn   | Place    | Note
-------+----------+-------------------------------------------
     0 | D:1      | purpskrrrp the Deep Elf Hunter began the quest for the Orb.
     0 | D:1      | Reached XP level 1. HP: 12/12 MP: 3/3
   188 | D:1      | Reached XP level 2. HP: 16/16 MP: 4/4
   666 | D:1      | Identified a scroll of acquirement
   666 | D:1      | Acquired the +1 longbow "Unuenaip" {elec, Dex+8}
   689 | D:2      | Reached XP level 3. HP: 20/20 MP: 5/5
   788 | D:2      | Identified the +10 trident "Isut Mok" {vorpal, Str+4
                  | Stlth+}
   938 | D:2      | Reached XP level 4. HP: 25/25 MP: 6/6
  1309 | D:3      | Noticed Ijyb
  1324 | D:3      | Killed Ijyb
  1419 | D:3      | Acquired the +2 hat "Ifigumuth" {MP+9 Dex+4}
  1674 | D:3      | Reached XP level 5. HP: 21/29 MP: 7/7
  1718 | D:3      | Found a stormy altar of Qazlal.
  1749 | D:3      | Found Gepsocir's Assorted Antiques.
  1767 | D:3      | Found a shimmering altar of Xom.
  1768 | D:3      | Found a shimmering altar of Xom.
  1770 | D:3      | Found a shimmering altar of Xom.
  1771 | D:3      | Found a shimmering altar of Xom.
  1771 | D:3      | Found a shimmering altar of Xom.
  1771 | D:3      | Found a shimmering altar of Xom.
  1793 | D:3      | You fall into a shaft and drop 3 floors!
  1817 | D:6      | Noticed a water moccasin
  1831 | D:6      | Found Xoniss's Antique Armour Emporium.
  1845 | D:6      | Noticed a black bear
  1847 | D:6      | Killed a black bear
  1848 | D:6      | Reached XP level 6. HP: 34/34 MP: 8/8
  1852 | D:6      | Killed a water moccasin
  1858 | D:5      | Entered Level 5 of the Dungeon
  1968 | D:4      | Found a shimmering blue altar of Sif Muna.
  2008 | D:5      | Reached skill level 5 in Dodging
  2008 | D:5      | Noticed an orc warrior
  2029 | D:5      | Killed an orc warrior
  2030 | D:5      | Reached skill level 10 in Ranged Weapons
  2030 | D:5      | Reached XP level 7. HP: 35/38 MP: 9/9
  2285 | D:5      | Found a radiant altar of Vehumet.
  2423 | D:5      | Reached XP level 8. HP: 43/43 MP: 10/10
  2435 | D:5      | Found a hazy altar of Hepliaklqana.
  2779 | D:6      | Found a staircase to the Ecumenical Temple.
  2803 | Temple   | Entered the Ecumenical Temple
  2812 | Temple   | Became a worshipper of Cheibriados the Contemplative
  2815 | Temple   | Acquired a +0 vorpal longbow
  3516 | D:4      | Reached * piety under Cheibriados
  3947 | D:5      | Found a large runed translucent door.
  3947 | D:5      | Found a large runed translucent door.
  3951 | D:5      | Noticed themarg's ghost (novice DrCj)
  4814 | D:7      | Reached XP level 9. HP: 47/47 MP: 11/11
  4975 | D:7      | Found a large runed translucent door.
  4976 | D:7      | Found a large runed translucent door.
  4978 | D:7      | Found a shimmering altar of Xom.
  5216 | D:7      | Reached ** piety under Cheibriados
  5222 | D:7      | Noticed Dowan
  5222 | D:7      | Noticed Duvessa
  5225 | D:7      | Killed Duvessa
  5227 | D:7      | Killed Dowan
  5228 | D:7      | Found a bloodstained altar of Trog.
  5228 | D:7      | Found an ancient bone altar of Kikubaaqudgha.
  5322 | D:7      | Found Nawa's Jewellery Boutique.
  5373 | D:7      | Identified the +10 falchion "Tupaib" {elec, rPois rF- rCorr
                  | Str+3}
  5587 | D:7      | Identified the +12 rapier of the Shimmering Tiger {chaos,
                  | Will+ Str+2}
  5892 | D:8      | Reached skill level 15 in Ranged Weapons
  5918 | D:8      | Found a white marble altar of Elyvilon.
  6004 | D:8      | Reached *** piety under Cheibriados
  6030 | D:8      | Found a staircase to the Lair.
  6048 | D:8      | Noticed a two-headed ogre
  6052 | D:8      | Killed a two-headed ogre
  6053 | D:8      | Reached skill level 10 in Dodging
  6053 | D:8      | Reached XP level 10. HP: 52/52 MP: 12/12
  6107 | D:8      | Noticed an eight-headed hydra
  6112 | D:8      | Killed an eight-headed hydra
  6121 | D:8      | Found a glowing silver altar of Zin.
  6122 | D:8      | Noticed an angel
  6210 | D:8      | Got the Almanac of the Gathered Arsonist
  6250 | D:8      | Noticed a centaur warrior
  6256 | D:8      | Killed a centaur warrior
  6428 | D:8      | Identified the +4 great sword of Lavyalas {vorpal, rElec
                  | rC- SInv}
  6478 | D:8      | Noticed a centaur warrior
  6485 | D:8      | Noticed a centaur warrior
  6497 | D:8      | Killed a centaur warrior
  6503 | D:8      | Killed a centaur warrior
  6505 | D:8      | Reached XP level 11. HP: 44/56 MP: 13/13
  6623 | D:8      | Found a runed translucent door.
  6626 | D:8      | Found a runed translucent door.
  6682 | D:8      | Noticed a tengu warrior
  6700 | D:8      | Killed a tengu warrior
  6919 | D:9      | Reached **** piety under Cheibriados
  6962 | D:9      | Found Askuad's Armour Shoppe.
  6972 | D:9      | Bought a +1 pair of boots for 149 gold pieces
  6982 | D:9      | Found Xev Sosho's Antique Weapon Shoppe.
  6992 | D:9      | Noticed a two-headed ogre
  6994 | D:9      | Killed a two-headed ogre
  7042 | D:9      | Found Cymyem's Assorted Antiques.
  7053 | D:9      | Bought a scroll of enchant weapon for 180 gold pieces
  7091 | D:9      | Noticed Erica
  7094 | D:9      | Killed Erica
  7390 | D:9      | Noticed Maggie
  7396 | D:9      | Killed Maggie
  7515 | D:9      | Found Ifofionn's General Store.
  7855 | D:9      | Found Epuceq's Book Boutique.
  8107 | D:10     | Entered Level 10 of the Dungeon
  8117 | D:10     | Noticed an obsidian statue
  8125 | D:10     | Noticed a two-headed ogre
  8126 | D:10     | Killed an obsidian statue
  8129 | D:10     | Killed a two-headed ogre
  8202 | D:10     | Found a glowing golden altar of the Shining One.
  8240 | D:10     | Found an iron altar of Okawaru.
  8261 | D:10     | Noticed a two-headed ogre
  8273 | D:10     | Killed a two-headed ogre
  8273 | D:10     | Reached ***** piety under Cheibriados
  8758 | D:11     | Noticed a cyan ugly thing
  8764 | D:11     | Killed a cyan ugly thing
  8765 | D:11     | Reached XP level 12. HP: 61/61 MP: 14/14
  8861 | D:11     | Noticed a two-headed ogre
  8864 | D:11     | Killed a two-headed ogre
  9391 | D:12     | Noticed a two-headed ogre
  9396 | D:12     | Noticed a boulder beetle
  9399 | D:12     | Killed a two-headed ogre
  9412 | D:12     | Killed a boulder beetle
  9465 | D:12     | Noticed a two-headed ogre
  9470 | D:12     | Killed a two-headed ogre
  9535 | D:12     | Found a staircase to the Orcish Mines.
  9711 | D:12     | Reached skill level 5 in Stealth
 10256 | D:13     | Noticed a centaur warrior
 10259 | D:13     | Reached ****** piety under Cheibriados
 10266 | D:13     | Killed a centaur warrior
 10386 | D:13     | Noticed an eight-headed hydra
 10393 | D:13     | Killed an eight-headed hydra
 10414 | D:13     | Identified the +7 flail of Uluaq {flame, Drain rC+ rCorr
                  | Str+5}
 10588 | D:13     | Noticed a centaur warrior
 10592 | D:13     | Killed a centaur warrior
 10635 | D:13     | Noticed a centaur warrior
 10641 | D:13     | Noticed a centaur warrior
 10656 | D:13     | Killed a centaur warrior
 10657 | D:13     | Reached XP level 13. HP: 41/65 MP: 15/15
 10825 | D:13     | Found a gate to the Vaults.
 10831 | D:13     | Reached skill level 15 in Dodging
 10947 | D:13     | Noticed an ironbound preserver
 10956 | D:13     | Killed an ironbound preserver
 11121 | D:13     | Gained mutation: You have a pair of small antennae on your
                  | head. [potion of mutation]
 11121 | D:13     | Gained mutation: You are vulnerable to heat. (rF-) [potion
                  | of mutation]
 11121 | D:13     | Gained mutation: Your mind is acute. (Int +4, Str/Dex -1)
                  | [potion of mutation]
 11122 | D:13     | Lost mutation: Your mind is acute. (Int +4, Str/Dex -1)
                  | [potion of mutation]
 11122 | D:13     | Lost mutation: You are vulnerable to heat. (rF-) [potion of
                  | mutation]
 11122 | D:13     | Lost mutation: You have a pair of small antennae on your
                  | head. [potion of mutation]
 11122 | D:13     | Gained mutation: Your body sometimes deteriorates upon
                  | taking damage. [potion of mutation]
 11122 | D:13     | Gained mutation: Your flesh is heat resistant. (rF+)
                  | [potion of mutation]
 11399 | D:14     | Acquired the ring of Dok Suj {rN+ rCorr Str+6 Dex+3}
 11452 | D:14     | Found Fiaczaor's Antique Weapon Boutique.
 12060 | D:15     | Entered Level 15 of the Dungeon
 12301 | D:15     | Noticed Louise
 12314 | D:15     | Killed Louise
 12637 | D:15     | Noticed a purple very ugly thing
 12642 | D:15     | Killed a purple very ugly thing
 12643 | D:15     | Reached skill level 10 in Stealth
 12655 | D:15     | Reached XP level 14. HP: 70/70 MP: 16/16
 12823 | D:15     | Found a staircase to the Depths.
 13349 | D:5      | Killed themarg's ghost
 13668 | D:7      | Bought the amulet "Wiroywk" {Reflect Drain rElec rPois
                  | Int+2 SH+5} for 608 gold pieces
 13777 | Lair:1   | Entered Level 1 of the Lair of Beasts
 14890 | Lair:2   | Noticed Amaemon
 14908 | Lair:2   | Killed Amaemon
 15400 | Lair:3   | Found a hole to the Spider Nest.
 15607 | Lair:3   | Found a staircase to the Shoals.
 15677 | Lair:3   | Found a broken altar of Ashenzari.
 16085 | Lair:4   | Noticed Josephine
 16088 | Lair:4   | Killed Josephine
 16361 | Lair:4   | Found a viscous altar of Jiyva.
 16361 | Lair:4   | Found a staircase to the Slime Pits.
 16652 | Lair:5   | Entered Level 5 of the Lair of Beasts
 16975 | Lair:5   | Reached XP level 15. HP: 74/74 MP: 17/17
 17381 | Lair:5   | Found a corrupted altar of Lugonu.
 17381 | Lair:5   | Found a one-way gate to the infinite horrors of the Abyss.
 17776 | Orc:1    | Entered Level 1 of the Orcish Mines
 17902 | Orc:1    | Found Omagoteu's Gadget Gallery.
 17913 | Orc:1    | Found Izeul's Book Shop.
 18076 | Orc:2    | Entered Level 2 of the Orcish Mines
 18420 | Orc:2    | Found Laus's Weapon Emporium.
 18445 | Orc:2    | Found Erenigaq's Assorted Antiques.
 18446 | Orc:2    | Found Zuaddei's Magic Scroll Boutique.
 18453 | Orc:2    | Bought a scroll labelled HUQUCE ZEITS for 28 gold pieces
 18453 | Orc:2    | Bought a scroll of immolation for 112 gold pieces
 18456 | Orc:2    | Found Wies's Armour Shoppe.
 18459 | Orc:2    | Bought a scroll of enchant armour for 75 gold pieces
 18459 | Orc:2    | Bought a scroll of enchant weapon for 75 gold pieces
 18459 | Orc:2    | Bought a scroll of blinking for 75 gold pieces
 18568 | Orc:2    | Found a staircase to the Elven Halls.
 19160 | Shoals:1 | Entered Level 1 of the Shoals
 19345 | Shoals:1 | Reached skill level 27 in Ranged Weapons
 19647 | Shoals:1 | Noticed Aizul
 19673 | Shoals:1 | Killed Aizul
 19951 | Shoals:1 | Reached XP level 16. HP: 81/81 MP: 18/18
 20335 | Shoals:2 | Reached skill level 15 in Stealth
 21308 | Shoals:3 | Found a runed translucent door.
 21390 | Shoals:3 | Noticed Inwioxo's ghost (adept KoHu)
 21705 | Shoals:3 | Killed Inwioxo's ghost
 21739 | Shoals:4 | Entered Level 4 of the Shoals
 21838 | Shoals:4 | Reached skill level 5 in Fighting
 22033 | Shoals:4 | Noticed Bai Suzhen
 22043 | Shoals:4 | Killed Bai Suzhen
 22076 | Shoals:4 | Noticed a kraken
 22095 | Shoals:4 | Killed a kraken
 22260 | Shoals:4 | Noticed Polyphemus
 22296 | Shoals:4 | Killed Polyphemus
 22298 | Shoals:4 | Reached XP level 17. HP: 56/92 MP: 19/19
 22572 | Shoals:4 | Got a barnacled rune of Zot
 22641 | Shoals:4 | Found Saqaus's Antique Armour Shoppe.
 22666 | Shoals:4 | Found Senomuutz's Distillery.
 22714 | Shoals:4 | Got the Disquisition on the Flamy Entourage
 23237 | Orc:1    | Bought a manual of Dodging for 1200 gold pieces
 23487 | Spider:1 | Entered Level 1 of the Spider Nest
 23517 | Spider:1 | Noticed Agnes
 23524 | Spider:1 | Killed Agnes
 24613 | Spider:2 | Found a frozen archway.
 24626 | IceCv    | Entered an ice cave
 26281 | Spider:2 | Noticed Mlioglotl
 26294 | Spider:2 | Killed Mlioglotl
 26902 | Spider:2 | Lost mutation: Your flesh is heat resistant. (rF+) [potion
                  | of mutation]
 26902 | Spider:2 | Lost mutation: Your body sometimes deteriorates upon taking
                  | damage. [potion of mutation]
 26902 | Spider:2 | Gained mutation: Armour fits poorly on your strangely
                  | shaped body. [potion of mutation]
 26903 | Spider:2 | Lost mutation: Armour fits poorly on your strangely shaped
                  | body. [potion of mutation]
 26903 | Spider:2 | Gained mutation: You are agile. (Dex +4, Str/Int -1)
                  | [potion of mutation]
 26903 | Spider:2 | Gained mutation: You are partially covered in large bone
                  | plates. (SH +4) [potion of mutation]
 26903 | Spider:2 | Gained mutation: Your body sometimes deteriorates upon
                  | taking damage. [potion of mutation]
 26903 | Spider:2 | Gained mutation: You have a pair of small horns on your
                  | head. [potion of mutation]
 27089 | Spider:3 | Noticed Jorgrun
 27109 | Spider:3 | Killed Jorgrun
 27126 | Spider:3 | Reached XP level 18. HP: 76/98 MP: 20/20
 27411 | Spider:3 | Noticed Arachne
 27422 | Spider:3 | Killed Arachne
 27858 | Spider:4 | Entered Level 4 of the Spider Nest
 28677 | Spider:4 | Reached skill level 27 in Dodging
 29063 | Spider:4 | Got a gossamer rune of Zot
 29825 | Orc:2    | Bought a scroll of enchant weapon for 210 gold pieces
 29867 | Elf:1    | Entered Level 1 of the Elven Halls
 29979 | Elf:1    | Reached skill level 1 in Armour
 29996 | Elf:1    | Reached XP level 19. HP: 84/103 MP: 21/21
 30686 | Elf:1    | You are sucked into a shaft and drop 1 floor!
 30686 | Elf:2    | Noticed Zenata
 30706 | Elf:2    | Killed Zenata
 31141 | Elf:2    | Found Himeph's Jewellery Boutique.
 31145 | Elf:2    | Found Cujatter's Book Emporium.
 31146 | Elf:2    | Found Erpher's Jewellery Boutique.
 31191 | Elf:2    | Identified the +5 sling "Wadeat" {antimagic, +Blink rF+ rN+
                  | Int-3}
 31318 | Elf:2    | Noticed Donald
 31347 | Elf:2    | Killed Donald
 31463 | Elf:2    | Found a huge runed translucent gate.
 31463 | Elf:2    | Found a huge runed translucent gate.
 31463 | Elf:2    | Found a huge runed translucent gate.
 31463 | Elf:2    | Found a huge runed translucent gate.
 31470 | Elf:2    | Found a huge runed translucent gate.
 31564 | Elf:3    | Entered Level 3 of the Elven Halls
 32713 | Elf:3    | Identified the +9 battleaxe "Sasaotuu" {venom, Int+4 Dex+5}
 32726 | Elf:3    | Reached skill level 5 in Armour
 32895 | Elf:3    | Identified the +4 trident "Roebev" {freeze, Str+6}
 32929 | Elf:3    | Noticed a Brimstone Fiend
 32933 | Elf:3    | Reached XP level 20. HP: 64/112 MP: 22/22
 32953 | Elf:3    | Identified the ring "Uzotroegg" {Wiz rN+ MP+9}
 33890 | Vaults:1 | Entered Level 1 of the Vaults
 34136 | Vaults:1 | Found Tor Siol's Armour Emporium.
 34555 | Vaults:1 | Found Wamniso's General Store.
 34555 | Vaults:1 | Found Torghir's General Store.
 34568 | Vaults:1 | Bought a scroll of brand weapon for 142 gold pieces
 34821 | Vaults:1 | Found Rungiphi's Armour Emporium.
 35629 | Vaults:2 | Found a staircase to the Crypt.
 35732 | Vaults:2 | Found Bawilub's Antique Weapon Boutique.
 36377 | Vaults:3 | Identified the +4 rapier "Coet" {venom, rC+ Str+3 Dex+3}
 36646 | Vaults:3 | Reached skill level 10 in Fighting
 36702 | Vaults:3 | Reached XP level 21. HP: 122/122 MP: 23/23
 36708 | Vaults:3 | Found Exzulie's Antique Weapon Emporium.
 36708 | Vaults:3 | Found Weuqael's General Store.
 36727 | Vaults:3 | Found Osulid's General Store.
 36810 | Vaults:3 | Found Kunwesya's Antique Weapon Boutique.
 38502 | Vaults:5 | Entered Level 5 of the Vaults
 39253 | Vaults:5 | Noticed a dread lich
 39285 | Vaults:5 | Noticed a dread lich
 39289 | Vaults:5 | Paralysed by a dread lich for 4 turns
 39292 | Vaults:5 | HP: 4/118 [blizzard demon[a dread lich] (5)]
 39293 | Vaults:5 | HP: 1/118 [burnt (3)]
 39314 | Vaults:5 | Killed a dread lich
 39316 | Vaults:5 | Noticed a dread lich
 39320 | Vaults:5 | HP: 1/124 [balrug/divine providence[a dread lich] (14)]
 39326 | Vaults:4 | HP: 5/124 [fire giant/fireball (21)]
 39890 | Depths:1 | Entered Level 1 of the Depths
 39913 | Depths:1 | Acquired 586 gold pieces
 40057 | Depths:1 | Found a gateway to Hell.
 40118 | Depths:1 | Found an opulent altar of Gozag.
 40215 | Depths:1 | Found a one-way gateway to a ziggurat.
 40247 | Depths:1 | Reached skill level 27 in Stealth
 40300 | Depths:1 | Reached XP level 22. HP: 130/130 MP: 24/24
 40515 | Depths:1 | Found Oribut's CLEARANCE SALE!.
 40527 | Depths:1 | Bought a scroll of poison for 20 gold pieces
 40527 | Depths:1 | Bought a scroll of magic mapping for 37 gold pieces
 41018 | Depths:2 | Reached skill level 10 in Armour
 41404 | Depths:2 | Noticed Mara
 41411 | Depths:2 | Killed Mara
 41467 | Depths:2 | Noticed Saint Roka
 41476 | Depths:2 | Killed Saint Roka
 41770 | Depths:2 | Found a one-way gate leading to the halls of Pandemonium.
 42281 | Depths:3 | You are sucked into a shaft and drop 1 floor!
 42281 | Depths:4 | Entered Level 4 of the Depths
 42678 | Depths:4 | Noticed a golden dragon
 42680 | Depths:4 | Killed a golden dragon
 42975 | Depths:3 | Found Jaziu's Assorted Antiques.
 42982 | Depths:3 | Bought the +5 robe of Night {Dark Will+ SInv} for 2340 gold
                  | pieces
 42982 | Depths:3 | Found the +5 robe of Night {Dark Will+ SInv}
 43161 | Depths:3 | Noticed a caustic shrike
 43169 | Depths:3 | Killed a caustic shrike
 43746 | Depths:4 | Reached XP level 23. HP: 128/141 MP: 25/25
 43983 | Depths:4 | Found a gate to the Realm of Zot.
 44067 | Depths:4 | Noticed a juggernaut
 44071 | Depths:4 | Killed a juggernaut
 44440 | Crypt:1  | Entered Level 1 of the Crypt
 44513 | Crypt:1  | Acquired a manual of Armour
 44515 | Crypt:1  | Identified the +4 flail "Amammes" {drain, rCorr Str+2
                  | Dex-4}
 45584 | Crypt:2  | Acquired 1183 gold pieces
 45659 | Crypt:3  | Entered Level 3 of the Crypt
 45852 | Crypt:3  | Reached skill level 15 in Fighting
 46093 | Crypt:3  | Identified the +1 long sword "Juskac" {vamp, Fly rPois rC+
                  | Dex-4}
 46096 | Crypt:3  | Identified the +0 robe "Zuaryug" {*Slow rPois Will+ Stlth+}
 46173 | Crypt:3  | Identified the ring of Wuma {Ice rN+ rCorr SInv}
 46222 | Crypt:3  | Reached skill level 15 in Armour
 46222 | Crypt:3  | Identified the ring of the Grey Skies {Will++ Str+6 Int+4}
 46485 | Crypt:3  | Noticed Sojobo
 46493 | Crypt:3  | Killed Sojobo
 46709 | Crypt:3  | Found a staircase to the Tomb.
 47165 | Crypt:3  | Reached XP level 24. HP: 152/152 MP: 25/25
 47216 | Crypt:3  | Got the Dissertation on Fascination
 47833 | Vaults:5 | Reached XP level 25. HP: 157/157 MP: 25/25
 47868 | Vaults:5 | Killed a dread lich
 48020 | Vaults:5 | Got a silver rune of Zot
 48059 | Vaults:5 | Found Usur's Distillery.
 48064 | Vaults:5 | Bought a potion of resistance for 160 gold pieces
 48064 | Vaults:5 | Bought a potion of curing for 48 gold pieces
 48064 | Vaults:5 | Bought a potion of heal wounds for 80 gold pieces
 48064 | Vaults:5 | Bought a potion of mutation for 128 gold pieces
 48195 | Vaults:5 | Noticed a dread lich
 48204 | Vaults:5 | Killed a dread lich
 48339 | Vaults:5 | Got Sif Muna's Guide on the Displaced Chill
 48504 | Vaults:5 | Identified the +9 war axe "Namyumon" {vorpal, rPois rN+
                  | Will+ Str-4}
 48508 | Vaults:5 | Identified the +7 lajatang "Peipul" {freeze, Will- Str+3
                  | Int+4}
 48508 | Vaults:5 | Identified the ring of Keot Est {Int+2 Dex+6}
 48514 | Vaults:5 | Identified the amulet of Satuecal {Acrobat rF+}
 48551 | Vaults:5 | Identified the +2 short sword of the Sage {spect, rF+ MP+9
                  | Str-3 Stlth+}
 48556 | Vaults:5 | Identified the +4 war axe of Arrival {vorpal, rF- rCorr
                  | Int-3 SInv}
 48893 | Vaults:5 | Identified the +6 short sword "Zougawk" {vorpal, rPois}
 48893 | Vaults:5 | Identified the amulet of Tiynigomm {Spirit +Inv Slay+2}
 48928 | Vaults:5 | Identified the +3 rapier "Paoluzet" {spect, rN+ Str+3}
 49041 | Vaults:5 | Found Puiru's Distillery.
 49046 | Vaults:5 | Bought a potion of might for 56 gold pieces
 49046 | Vaults:5 | Bought a potion of curing for 42 gold pieces
 49046 | Vaults:5 | Bought a potion of heal wounds for 70 gold pieces
 49046 | Vaults:5 | Bought a potion of curing for 42 gold pieces
 49234 | Vaults:5 | Identified the amulet of Hiss {Acrobat Stlth+}
 49669 | Slime:1  | Entered Level 1 of the Pits of Slime
 50916 | Slime:3  | You are sucked into a shaft and drop 1 floor!
 51458 | Slime:5  | Entered Level 5 of the Pits of Slime
 51648 | Slime:5  | Noticed the Royal Jelly
 51792 | Slime:4  | Gained mutation: You sometimes lose your temper in combat.
                  | [a shining eye]
 51854 | Slime:5  | Reached XP level 26. HP: 165/168 MP: 25/25
 51932 | Slime:5  | Gained mutation: Your body often deteriorates upon taking
                  | damage. [a shining eye]
 51933 | Slime:5  | Gained mutation: You occasionally shout uncontrollably at
                  | your foes. [a shining eye]
 52197 | Slime:5  | Found a viscous altar of Jiyva.
 52250 | Slime:5  | Killed the Royal Jelly
 52254 | Slime:5  | HP: 8/169 [acid[the Royal Jelly] (4)]
 52638 | Slime:5  | Identified the +7 battleaxe "Enettu Pyare" {flame, *Corrode
                  | Dex+7}
 52640 | Slime:5  | Identified the +5 flail of Butchery {protect, rC+ Will+
                  | Dex+4}
 52645 | Slime:5  | Identified the +1 helmet of Valiance {rN+ SInv}
 52647 | Slime:5  | Got the Tractate on Cursed Profane Arts
 52670 | Slime:5  | Identified the ring of Mistrust {rF+ rN+}
 52730 | Slime:5  | Identified the +3 chain mail "Cockytog" {Stlth+}
 52733 | Slime:5  | Identified the ring "Mosum" {rN+ rCorr MP+9 Int+3 Stlth-}
 52742 | Slime:5  | Got a slimy rune of Zot
 53272 | Lair:5   | Voluntarily entered the Abyss.
 53332 | Abyss:2  | Found a corrupted altar of Lugonu.
 53420 | Lair:5   | Escaped the Abyss
 53913 | Pan      | Entered Pandemonium
 54348 | Pan      | Noticed Facocyuku the pandemonium lord
 54357 | Pan      | Killed Facocyuku the pandemonium lord
 54619 | Pan      | Gained mutation: You have an uncontrollable temper.
                  | [mutagenic glow]
 54636 | Pan      | Gained mutation: You are vulnerable to heat. (rF-)
                  | [mutagenic glow]
 55422 | Pan      | Got a demonic rune of Zot
 57072 | Pan      | Identified the amulet "Masuwkiu" {rN+ Regen+ Dex+5 Stlth-}
 57102 | Pan      | Noticed Pueczuxa the pandemonium lord
 57105 | Pan      | Killed Pueczuxa the pandemonium lord
 57731 | Pan      | Identified the +3 leather armour "Tichuorgh" {Dex+4}
 57774 | Pan      | Entered the realm of Cerebov.
 58145 | Pan      | HP: 8/173 [balrug/fireball (23)]
 58146 | Pan      | Killed from afar by a balrug

Illustrated notes

Levels and vault maps discovered:
D:1:      lemuel_arrival_lava_pool, layout_basic
D:2:      cheibrodos_old_hovel, layout_loops_ring
D:3:      kennysheep_the_goblin_king, layout_loops_ring, xom_redecorated,
          nicolae_qazlal_general_emergency, serial_shops, shop,
          kennysheep_flooded_box
D:4:      layout_loops_ring, kennysheep_orc_sif_temple,
          hangedman_decor_peaks_small, hex_medium, minmay_strange_pillars,
          st_stairs_7, hangedman_decor_lopped
D:5:      layout_loops_ring, mainiacjoe_overflow_chevrons,
          mainiacjoe_overflow_boulevard, ebering_ghost_disaster_area
D:6:      layout_gridville, minmay_temple_entry_ruins, serial_shops,
          nicolae_shop_behind_doors, minmay_small_thing
D:7:      due_chaos_kobolds, layout_loops_corners,
          chequers_temple_overflow_statue_of_worship, serial_shops, shop,
          uniq_duvessa
D:8:      minmay_the_grid_triangle_9x9_rhombus_thin
          [minmay_the_grid_triangle_9x9_tough_junction,
          minmay_the_grid_triangle_9x9_prize_top_heavy,
          minmay_the_grid_triangle_9x9_impossible_snake,
          minmay_the_grid_triangle_9x9_sprig], layout_basic, elyvilon_altar_5,
          zin_angel
D:9:      cheibrodos_frozen_isle, layout_layer_cave, serial_shops,
          nicolae_shop_advertising_works [nicolae_subvault_shop_adworks],
          nicolae_shop_trees, shop, nicolae_shop_crystal, shop, uniq_maggie,
          uniq_erica
D:10:     layout_rooms, tso_metal_star, okawaru_trees_1, minivault_16
D:11:     layout_long_grid, grunt_decor_junction, minmay_microvault
D:12:     layout_roguey, david_orc_5, hangedman_misty_isle
D:13:     layout_loops_cross, skrybe_vaults_entry_preservation,
          chequers_serial_rivers_micro_c, kennysheep_generic_room_5
D:14:     layout_basic, serial_shops, nicolae_shop_behind_doors, minivault_4
D:15:     gammafunk_enter_depths_forms, layout_small_grid, uniq_louise
Temple:   chequers_temple_sunken
Lair:1:   layout_concentric_octagons
Lair:2:   layout_regular_city, lemuel_old_faithful, uniq_amaemon
Lair:3:   layout_hall_layers, elwin_shoals_entry_rooms, spider_nest_entry_a,
          basic_altar, eino_small_chamber_without_monster, kennysheep_rathole
Lair:4:   layout_hall_layers, nicolae_slime_entry_slimehenge,
          infiniplex_staircase_pool, uniq_josephine
Lair:5:   hellmonk_lair_end_abyssal_woods, layout_loops_ring
Shoals:1: layout_shoals, nicolae_shoals_sun_and_surf, uniq_aizul
Shoals:2: layout_shoals, nicolae_shoals_wave_tunnel
Shoals:3: layout_shoals, hellmonk_ghost_happy_afterlife
Shoals:4: shoals_end_grunt_ice, layout_shoals, serial_shops, shop_fountains,
          nicolae_shop_crystal, nicolae_shoals_kraken_intersection,
          uniq_bai_suzhen, uniq_polyphemus
Spider:1: layout_spider_delve, uniq_agnes
Spider:2: layout_chambers, portal_ice_cave_entry_pillars_three,
          hangedman_spider_tarantella_strand, uniq_mlioglotl
Spider:3: layout_spider_delve, hangedman_stitches_earthworm, uniq_arachne,
          uniq_jorgrun
Spider:4: hellmonk_spider_rune_endless_swarm, nicolae_spider_paper_wasps
Slime:1:  layout_caves
Slime:2:  layout_caves
Slime:3:  layout_caves
Slime:4:  layout_caves
Slime:5
Orc:1:    layout_caves, serial_shops, shop, nicolae_shop_gadgets
Orc:2:    st_orc_open, layout_caves
Elf:1:    eino_elf_arrival_sip, layout_gridlike, hangedman_elf_represent,
          palyth_stone_intersect, hex_large, minivault_19, minivault_25
Elf:2:    elven_hall_of_blades_hangedman_alternative
          [nicolae_blade_little_rooms], layout_gridlike,
          nicolae_elf_variegated_diamond, minmay_shop_grove, uniq_donald,
          uniq_zenata
Elf:3:    grunt_elf_hall_asides, layout_geoelf_grid
Vaults:1: grunt_vaults_bifocal, nicolae_vaults_twisting_passages,
          vaults_standard_mumra_enter_the_diamond, nicolae_vaults_rhombus_7,
          v_misc_32, hangedman_vaults_variations, v_misc_26, v_misc_1,
          nicolae_vaults_little_squares_6, ontoclasm_vaults_pinch,
          ontoclasm_vaults_loading_screen, layout_vaults_omnibox, serial_shops,
          shop, nicolae_lakefront_shop, shop, shop
Vaults:2: hangedman_vaults_stream, nicolae_vaults_windows_and_doors_thing,
          vaults_room_octagon, minmay_crypt_entry_nasty_monster,
          grunt_vaults_hallway_long, ontoclasm_vaults_fault, st_lattice,
          layout_vaults_big_room, serial_shops, shop
Vaults:3: v_misc_3, ontoclasm_vaults_loading_screen,
          nicolae_vaults_network_star, v_misc_4, vaults_dpeg_spiral,
          vaults_standard_mumra_enter_the_diamond,
          ontoclasm_vaults_loading_screen, layout_vaults_omnigrid, serial_shops,
          shop, nicolae_shop_crystal, shop, shop
Vaults:4: nicolae_vaults_murderbox, ontoclasm_vaults_claustrophobia,
          ontoclasm_vaults_ring_large, v_rooms_3, grunt_vaults_hallway_short,
          vaults_room_pools, v_misc_9, v_misc_22, grunt_vaults_swirl,
          ontoclasm_vaults_shuriken, vaults_room_large_hall,
          ontoclasm_vaults_ring_square, nicolae_vaults_alarming,
          vaults_room_hallway, layout_vaults_ring
Vaults:5: serial_shops
Crypt:1:  layout_basic, uniq_josephina
Crypt:2:  layout_misc_corridors, minivault_27
Crypt:3:  due_elkab, layout_chaotic_city, grunt_ministairs_3, uniq_sojobo
Depths:1: layout_honeycomb, enter_ziggurat_d, hangedman_coc_ice_floe,
          grunt_gozag_statues, nrook_campfire, nicolae_shop_clearance
Depths:2: minmay_diamond_stairs, layout_basic, pf_hell_entry_tar_river,
          serial_bayou_pond_a, grunt_pan_entry_zigzag,
          minmay_staircase_windowed_large, uniq_saint_roka, uniq_mara
Depths:3: cross_vault, layout_cave_shapes, grunt_mini_vestibule, serial_shops,
          shop, marbit_kobold_abyss_entry, minmay_crystal_room,
          hangedman_decor_growths, patterned_corridor
Depths:4: grunt_zot_entry_bicorn, layout_basic, grunt_hell_entry_dis_grunt,
          pan_entry, chequers_serial_rivers_micro_c
Pan:      rand_demon_9, layout_rooms, grunt_pan_in_and_out, layout_basic,
          pan_blood_fountain, lemuel_hellion_island, layout_grid_shapes,
          nicolae_pan_sigil_nadil, nicolae_pan_cerebovesque_3,
          pan_captured_pigsty, evilmike_mini_pan_pillars_b, layout_small_grid,
          cerebov, layout_gridville

Skill      XL: |  1  2  3  4  5  6  7  8  9 10 11 12 13 14 15 16 17 18 19 20 21 22 23 24 25 26 |
---------------+-------------------------------------------------------------------------------+-----
Ranged Weapons | 6 7 8 10 11 13 16 18 20 22 24 25 27 | 27.0
Dodging        | 3 4 5 6 8 10 11 13 14 16 17 18 20 25 27 | 27.0
Stealth        | 2 7 10 12 14 16 17 20 22 24 27 | 27.0
Fighting       | 2 5 6 8 10 11 13 15 16 18 19 | 19.8
Armour         | 1 5 7 9 12 16 17 18 20 | 20.6

Action                   |  1- 3 |  4- 6 |  7- 9 | 10-12 | 13-15 | 16-18 | 19-21 | 22-24 | 25-27 || total
-------------------------+-------+-------+-------+-------+-------+-------+-------+-------+-------++-------
 Fire: Shortbow          |    45 |       |       |       |       |       |       |       |       ||    45
       Longbow           |    33 |    90 |   239 |   393 |  1115 |  1722 |   718 |       |       ||  4310
       Triple crossbow   |       |       |       |       |       |    17 |   533 |   918 |  1082 ||  2550
Invok: Bend Time         |       |       |       |       |       |       |       |       |     1 ||     1
Evoke: Wand              |       |       |       |       |     2 |       |       |     4 |       ||     6
  Use: Scroll            |     1 |     7 |     6 |    14 |    13 |    19 |    17 |     9 |    12 ||    98
       Potion            |       |     1 |       |     9 |     3 |     6 |    10 |     3 |     4 ||    36
Armor: Leather armour    |     2 |     8 |     6 |       |       |       |       |       |       ||    16
       Steam dragon scal |       |       |       |     4 |    11 |    27 |    23 |     6 |       ||    71
       Robe              |       |       |       |       |       |       |       |    20 |    37 ||    57
Dodge: Dodged            |    11 |    37 |    59 |    97 |   217 |  1006 |   626 |   575 |   943 ||  3571
Block: Other             |       |       |       |       |    22 |   203 |   181 |   145 |   269 ||   820
       Reflection        |       |       |       |       |       |     9 |    30 |       |     8 ||    47

Table legend: (Time is in decaauts)
 A = Elapsed time spent in this place.
 B = Non-inter-level travel time spent in this place.
 C = Inter-level travel time spent in this place.
 D = Time resting spent in this place.
 E = Time spent auto-exploring this place.
 F = Levels seen in this place.
 G = Mean time per level.
                   A        B        C        D        E       F      G
               +--------+--------+--------+--------+--------+-----+--------+
         Total |  91804 |  80224 |  11580 |   5602 |  61646 |  59 | 1556.0 |
       Dungeon |  22669 |  17926 |   4743 |    674 |  14901 |  15 | 1511.3 |
        Temple |     34 |     34 |      0 |      0 |      0 |   1 |   34.0 |
          Lair |   8286 |   6391 |   1895 |      0 |   5614 |   5 | 1657.2 |
        Shoals |   5955 |   5577 |    378 |    604 |   4077 |   4 | 1488.8 |
   Spider Nest |   7286 |   7003 |    283 |    339 |   5450 |   4 | 1821.5 |
    Slime Pits |   5637 |   5282 |    355 |    842 |   3134 |   5 | 1127.4 |
  Orcish Mines |   2397 |   1670 |    727 |      0 |   1395 |   2 | 1198.5 |
   Elven Halls |   5975 |   5045 |    930 |    526 |   3451 |   3 | 1991.7 |
        Vaults |  12977 |  11414 |   1563 |    790 |   9019 |   5 | 2595.4 |
         Crypt |   4968 |   4756 |    212 |    373 |   3644 |   3 | 1656.0 |
        Depths |   7552 |   7062 |    490 |      0 |   6095 |   4 | 1888.0 |
         Abyss |    287 |    287 |      0 |      0 |    224 |   2 |  143.5 |
   Pandemonium |   6116 |   6116 |      0 |   1366 |   3620 |   5 | 1223.2 |
      Ice Cave |   1660 |   1660 |      0 |     86 |   1020 |   1 | 1660.0 |
               +--------+--------+--------+--------+--------+-----+--------+

Top non-repeatable levels by time:
Vaults:4: 3109 daAuts
Vaults:5: 2879 daAuts
 Crypt:3: 2754 daAuts
     D:9: 2700 daAuts
Vaults:1: 2478 daAuts
Spider:2: 2414 daAuts
   Elf:3: 2400 daAuts
Vaults:3: 2300 daAuts
     D:8: 2299 daAuts
Vaults:2: 2209 daAuts
 Slime:5: 2207 daAuts
    D:13: 2155 daAuts
Spider:4: 2069 daAuts
Depths:2: 2064 daAuts
Depths:4: 1990 daAuts
